 Dungeon Crawl Stone Soup version 0.29-a0-993-g4a18f31a58 (webtiles) character file.

Game seed: 6130814852494006543

25 vurker the Sneak (level 3, 17/17 HPs)
             Began as a Vine Stalker Enchanter on Aug 2, 2022.
             Was a Follower of Vehumet.
             Quit the game on level 1 of the Dungeon.
             The game lasted 00:01:30 (1409 turns).

vurker the Sneak (Vine Stalker Enchanter)           Turns: 1409, Time: 00:01:31

Health: 17/17      AC:  3    Str: 12    XL:     3   Next: 4%
Magic:  7/7        EV: 12    Int: 15    God:    Vehumet [*.....]
Gold:   9          SH:  0    Dex: 14    Spells: 6/6 levels left

rFire   . . .      SeeInvis .   a - +1 dagger
rCold   . . .      Faith    .   (no shield)
rNeg    . . .      Spirit   +   b - +0 robe
rPois   .          Reflect  .   (no helmet)
rElec   .          Harm     .   (no cloak)
rCorr   .          Rampage  .   (no gloves)
Will    .....                   f - +0 pair of boots
Stlth   +++.......              (no amulet)
HPRegen 0.05/turn               (no ring)
MPRegen 0.10/turn               (no ring)

@: no status effects
A: fangs 2, magic shield, antimagic bite, no potion heal 2
a: Renounce Religion


You were on level 1 of the Dungeon.
You worshipped Vehumet.
Vehumet was aware of your devotion.
You visited 1 branch of the dungeon, and saw 1 of its levels.

You collected 9 gold pieces.

Inventory:

Hand Weapons
 a - a +1 dagger (weapon)
Armour
 b - a +0 robe (worn)
 f - a +0 pair of boots (worn)
   (You found it on level 1 of the Dungeon)
Jewellery
 d - a ring of flight
   (You took it off a goblin on level 1 of the Dungeon)
Scrolls
 e - a scroll of silence {unknown}
Potions
 c - 2 potions of invisibility
 g - a potion of heal wounds {unknown}
 h - a potion of curing
 i - a potion of berserk rage {unknown}


   Skills:
 + Level 0.9 Fighting
 * Level 1.9 Short Blades
 - Level 1.5 Dodging
 + Level 4.1 Stealth
 - Level 2.1 Spellcasting
 - Level 3.0 Hexes


You had 6 spell levels left.
You didn't know any spells.
Your spell library contained the following spells:

 Spells                   Type           Power      Damage    Failure   Level
 Magic Dart               Conj           4%         1d3       22%         1
 Ensorcelled Hibernation  Hex/Ice        12%        N/A       19%         2
 Confusing Touch          Hex            10%        N/A       19%         3
 Tukima's Dance           Hex            10%        N/A       19%         3
 Dazzling Flash           Conj/Hex       12%        N/A       34%         3


Dungeon Overview and Level Annotations

Branches:
Dungeon (1/15)

Altars:
Vehumet


Innate Abilities, Weirdness & Mutations

You have extremely sharp teeth.
When hurt, damage is shared between your health and your magic reserves.
Your bite disrupts and absorbs the magic of your enemies.
Potions cannot restore your health.


Message History

You hit the ball python but do no damage.
The ball python bites you. The ball python constricts you.
You hit the ball python.
You kill the ball python!
No target in view!
No target in view!
No target in view!
No target in view!
No target in view!
No target in view!
No target in view!
No target in view!
You see here a ball python corpse.
A goblin comes into view. It is wielding a +0 dagger.
A goblin is nearby!
A goblin is nearby!
The helpless goblin fails to defend itself.
You impale the goblin!!
You kill the goblin!
You have reached level 3!
Your experience leads to an increase in your attributes!
Increase (S)trength, (I)ntelligence, or (D)exterity?
You feel stronger. x2
A rat comes into view.
A rat is nearby!
A rat is nearby!
A rat is nearby!
You barely miss the rat. You bite the rat.
You kill the rat!
No target in view!
No target in view!
No target in view!
No target in view!
No target in view!
No target in view!
No target in view!
No target in view!
No target in view!
No target in view!
No target in view!
No target in view!
You open the door.
There is an open door here.
Found a faded altar of an unknown god.
There is a faded altar of an unknown god here.
You cannot tell which god this altar belongs to.
Convert to them anyway?
Vehumet accepts your prayer! Vehumet welcomes you!
You can now gain magical power from killing.
Vehumet offers you knowledge of Magic Dart.

...## ##...†#
#..##...)..
....####.....####
##..####...
##.........#....#
##...####.
#.......#############
###.####. #....####
#.........# #...##.
...#.## #....#....#
###.... ####.#
#.#..#..#.# #######..
#.#
#.#..#..#.####........
#.#
+####@####'....######.
#.#
#.#..#..#.###########.
#.#..#..#.# #.......
#....#....# #.......
#.........#####.......
###########..........#
#####....... #......#
#......#


There were no monsters in sight!

Vanquished Creatures
  A worm (D:1)
  2 ball pythons (D:1)
  2 bats (D:1)
  5 goblins (D:1)
  2 hobgoblins (D:1)
  3 jackals (D:1)
  A quokka (D:1)
  3 frilled lizards (D:1)
  A rat (D:1)
20 creatures vanquished.

Notes
Turn   | Place    | Note
-------+----------+-------------------------------------------
     0 | D:1      | vurker the Vine Stalker Enchanter began the quest for the
                  | Orb.
     0 | D:1      | Reached XP level 1. HP: 9/9 MP: 4/4
    17 | D:1      | Reached skill level 1 in Short Blades
   389 | D:1      | Reached XP level 2. HP: 5/14 MP: 1/6
   936 | D:1      | Reached skill level 4 in Stealth
  1360 | D:1      | Reached XP level 3. HP: 17/17 MP: 7/7
  1402 | D:1      | Found a faded altar of an unknown god.
  1408 | D:1      | Prayed at the altar of an unknown god.
  1408 | D:1      | Became a worshipper of Vehumet
  1408 | D:1      | Reached * piety under Vehumet
  1408 | D:1      | Offered knowledge of Magic Dart by Vehumet.
  1409 | D:1      | Quit the game

Illustrated notes

Levels and vault maps discovered:
D:1:      dpeg_arrival_simpleton_c, layout_rooms,
          shapermc_ecumenical_altar_notcrosses, nicolae_wormholes

Skill      XL: |  1  2 |
---------------+-------+-----
Short Blades   | 1 |  1.9
Stealth        | 4 |  4.1
Fighting       | |  0.9
Dodging        | |  1.5
Spellcasting   | |  2.1
Hexes          | |  3.0

Action                   || total
-------------------------++-------
Melee: Dagger            ||    73
       Bite              ||    14
       Punch             ||     1
 Stab: Sleeping          ||     4
Armor: Robe              ||    11
Dodge: Dodged            ||    41

Table legend: (Time is in decaauts)
 A = Elapsed time spent in this place.
 B = Non-inter-level travel time spent in this place.
 C = Inter-level travel time spent in this place.
 D = Time resting spent in this place.
 E = Time spent auto-exploring this place.
 F = Levels seen in this place.
 G = Mean time per level.
                   A        B        C        D        E       F      G
               +--------+--------+--------+--------+--------+-----+--------+
         Total |   1403 |   1403 |      0 |      0 |   1235 |   1 | 1403.0 |
       Dungeon |   1403 |   1403 |      0 |      0 |   1235 |   1 | 1403.0 |
               +--------+--------+--------+--------+--------+-----+--------+

Top non-repeatable levels by time:
     D:1: 1403 daAuts
